 Dungeon Crawl Stone Soup version bcrawl-1.41.1 (webtiles) character file.

Game seed: 6416201088941058889

567071 TheWayOfAllFlesh the Bludgeoner (level 16, 0/108 HPs)
             Began as a Gargoyle Gladiator on Apr 17, 2024.
             Was a Plaything of Xom.
             Slain by a spriggan rider
             ... wielding a +0 spear
              (12 damage)
             ... on level 1 of the Swamp.
             The game lasted 00:59:48 (20800 turns).

TheWayOfAllFlesh the Bludgeoner (GrGl)             Turns: 20800, Time: 00:59:48

Health: 0/108      AC: 49    Str: 27    XL:     16   Next: 13%
Magic:  25/25      EV:  8    Int: 15    God:    Xom [....*.]
Gold:   412        SH: 16    Dex: 11    Spells: 15/15 levels left

rFire    + . .     GDR:     42% c - +7 flail "Worm" {crush, Int+3}
rCold    + . .     SeeInvis .   S - +2 medium shield
rNeg     + + .     Gourm    .   K - +8 plate armour of Ynny {+Fly rF+ rN+ MP+9}
rPois    ∞         Faith    .   (helmet restricted)
rElec    +         Spirit   .   D - +1 cloak {MR+}
rCorr    +         Reflect  .   U - +2 pair of gloves {Str+3}
MR       ++...                  q - +0 pair of boots
Stlth    ..........             (no amulet)
HPRegen  0.28/turn              I - ring "Wausifu" {rCorr Int+2}
MPRegen  0.19/turn              y - +5 ring of protection

@: flying, studying Long Blades
A: big wings, claws 1, fangs 1, horns 2, cold resistance 1, negative energy
resistance 1, sense surroundings 1, screaming 1, electricity resistance, partial
torment resistance, unbreathing, petrification resistance, rot immunity,
MP-powered wands, AC +12
a: Stop Flying, Renounce Religion


You were on level 1 of the Swamp.
You worshipped Xom.
You were a beloved toy of Xom.
You were not hungry.

You visited 4 branches of the dungeon, and saw 20 of its levels.
You also visited: Bailey, Gauntlet and Volcano.

You collected 2269 gold pieces.
You spent 1857 gold pieces at shops.

Inventory:

Hand Weapons
 c - the +7 flail "Worm" (weapon) {crush, Int+3}
   (You found it on level 3 of the Lair of Beasts)

   It will always inflict at least some extra damage.
   This minimum extra damage increases with your current reserve of magical
   power.
   It affects your intelligence (+3).
Armour
 q - a +0 pair of boots (worn)
 D - a +1 cloak of magic resistance (worn)
 F - the +5 ring mail of Objectivity {rElec rC+ SInv}
   (You took it off a gnoll sergeant on level 5 of the Dungeon)

   It protects you from cold.
   It insulates you from electricity.
   It lets you see invisible.
 K - the +8 plate armour of Ynny (worn) {+Fly rF+ rN+ MP+9}
   (You bought it in a shop on level 7 of the Dungeon)

   It protects you from fire.
   It protects you from negative energy.
   It affects your magic capacity (+9).
   It lets you fly.
 S - a +2 medium shield (worn)
 U - a +2 pair of gloves of strength (worn)
 X - a +0 helmet of see invisible
 Z - a +1 pair of gloves of archery
Jewellery
 t - the ring "Kimutex" {Ice +Fly}
   (You found it on level 2 of the Dungeon)

   [ring of ice]

   It enhances your ice magic.
   It makes you vulnerable to fire.
   It protects you from cold.
   It lets you fly.
 y - a +5 ring of protection (right hand)
 I - the ring "Wausifu" (left hand) {rCorr Int+2}
   (You found it on level 5 of the Dungeon)

   [ring of resist corrosion]

   It affects your intelligence (+2).
   It provides partial protection from all sources of acid and corrosion.
 W - an uncursed ring of ice
Wands
 b - a wand of clouds (2)
 d - a wand of disintegration (22)
 l - a wand of digging (6)
 u - a wand of random effects (12)
 w - a wand of charming (8)
 G - a wand of acid (9)
 H - a wand of polymorph (22)
 M - a wand of flame (49)
 T - a wand of paralysis (25)
Scrolls
 h - 5 scrolls of fog
 i - 5 scrolls of identify
 j - 3 scrolls of fear
 k - 14 scrolls of teleportation
 m - 4 scrolls of revelation
 n - 14 scrolls of remove curse
 r - 5 scrolls of enchant weapon
 x - 5 scrolls of blinking
 L - 2 scrolls of enchant armour
 N - 2 scrolls of vulnerability
 Q - 5 scrolls of amnesia
Potions
 f - 3 potions of heal wounds
 g - 3 potions of lignification
 o - a potion of flight
 p - 3 potions of might
 s - 3 potions of agility
 v - 3 potions of magic
 z - 4 potions of invisibility
 A - 12 potions of curing
 B - 2 potions of ambrosia
 C - 4 potions of mutation
 E - 4 potions of resistance
 J - 3 potions of haste
 P - 2 potions of berserk rage
 R - a potion of brilliance
Miscellaneous
 a - a lightning rod (4/4)
 V - 2 phantom mirrors
 Y - a lamp of fire
Comestibles
 e - 56 rations {!d}


   Skills:
 + Level 15.2 Fighting
 - Level 16.3 Maces & Flails
 - Level 1.7 Throwing
 + Level 13.8 Armour
 + Level 5.8 Dodging
 + Level 14.9 Shields


You had 15 spell levels left.
You didn't know any spells.
Your spell library contained the following spells:

 Spells                   Type           Power        Failure   Level  Hunger
 Apportation              Tloc           #.....       100%        1    None
 Corona                   Hex            #......      100%        1    None
 Infusion                 Chrm           #.......     100%        1    None
 Sandblast                Erth           #.....       100%        1    None
 Slow                     Hex            #.......     100%        1    None
 Summon Butterflies       Summ           #.......     100%        1    None
 Corpse Rot               Necr           N/A          100%        2    ####...
 Stone Arrow              Conj/Erth      #.....       100%        3    #####..
 Tree Form                Hex/Tmut       N/A          100%        4    ######.
 Lee's Rapid Deconstruct  Erth           #.........   100%        5    #######
 Summon Forest            Summ/Tloc      #.........   100%        5    #######
 Darkness                 Hex            #.........   100%        6    #######
 Deflect Missiles         Chrm/Air       #.........   100%        6    #######
 Infestation              Hex/Tmut/Pois  #........    100%        6    #######
 Iron Shot                Conj/Erth      #.........   100%        6    #######
 Poison Arrow             Conj/Pois      #.........   100%        6    #######
 Summon Hydra             Summ           #.........   100%        6    #######
 Time Stop                Chrm/Tloc      N/A          100%        8    #######
 Statue Form              Tmut/Erth      Unusable     N/A         6    N/A

Dungeon Overview and Level Annotations

Branches:
Dungeon (12/12)            Temple (1/1) D:5            Lair (6/6) D:8
  Swamp (1/3) Lair:2       Shoals (0/3) Lair:3          Orc (0/1) D:8
 Vaults (0/3) D:11         Forest (0/3) Lair:6       Depths (0/5) D:12

Altars:
Ashenzari
Cheibriados
Dithmenos
Elyvilon
Fedhas
Gozag
Hepliaklqana
Kikubaaqudgha
Lugonu
Makhleb
Nemelex Xobeh
Okawaru
Qazlal
Ru
Sif Muna
Trog
Uskayaw
Vehumet
Wu Jian
Xom
Yredelemnul
Zin
The Shining One

Shops:
D:4 !   D:6 }   D:7 }:[(%   D:10 *   D:12 }

Annotations:
D:6 2 transporters, Lexodia's ghost, novice DsMA
Lair:1 exclusion: oklob plant


Innate Abilities, Weirdness & Mutations

You are resistant to torment.
Your stone body is resilient. (AC +12)
You are immune to poison.
Your large and strong wings let you fly indefinitely.
You resist negative energy. (rN+)
You are resistant to electric shocks. (rElec)
You are less affected by unholy pain and torment.
You can survive without breathing.
You are immune to petrification.
You are immune to rotting.
You have sharp fingernails.
You have very sharp teeth.
You have a pair of horns on your head.
Your flesh is cold resistant. (rC+)
You passively map a small area around you.
You occasionally shout uncontrollably at your foes.
You expend magic power (3 MP) to strengthen your wands.


Message History

The spriggan rider hits you from afar with a +0 spear.
* * * LOW HITPOINT WARNING * * *
The hornet stings you but does no damage. x2
You block the spriggan rider's attack.
You miss the hornet.
The hornet is severely wounded.
The hornet stings you but does no damage.
You block the hornet's attack. x2
The spriggan rider hits you from afar with a +0 spear!!
* * * LOW HITPOINT WARNING * * *
You sock the hornet!
You kill the hornet!
You block the hornet's attack. The hornet barely misses you.
The spriggan rider hits you but does no damage.
You sock the hornet!
You kill the hornet!
You block the hornet's attack.
The spriggan rider hits you from afar with a +0 spear!
You die...
Xom cackles wildly!

♣≈≈.≈≈≈.....≈♣≈≈≈.♣♣.≈
♣♣...≈≈≈..≈.≈♣♣.≈≈≈.♣.≈
♣≈.≈≈(...≈≈.♣♣..≈≈≈.)..
♣≈≈≈≈......♣♣♣.≈≈≈.....
♣...≈≈≈.♣♣♣♣♣≈.....≈≈≈.
♣≈.≈≈≈≈.≈♣ ♣♣♣...≈≈≈≈.
♣♣.≈≈≈≈≈.♣ ♣.≈≈≈≈≈≈≈.
♣≈≈≈≈≈yi♣≈ ♣.≈≈≈≈≈≈≈§
♣≈..≈@†♣≈.♣♣........≈♣
♣≈♣♣♣).i..♣♣♣.......♣♣
♣♣ *...≈≈.♣ ♣≈≈♣.≈♣.≈.
♣_..§≈≈........♣≈..
♣....≈≈≈≈., , ♣.≈
>..§≈≈≈≈§. ♣.≈
?..≈≈≈≈≈≈. , ♣..
....≈≈≈≈≈≈≈ ♣.≈ , ♣..


You could see 2 spriggan riders and a hornet.

Vanquished Creatures
  A thorn hunter (Swamp:1)
  A minotaur (Gauntlet)
  A blizzard demon (Gauntlet)
  An ettin (Lair:4)
  Josephine (Lair:6)
  A fire dragon (Lair:6)
  10 hydras
  Erica (D:8)
  A shambling mangrove (Swamp:1)
  4 catoblepae
  2 ogre magi
  An anaconda (Lair:6)
  5 two-headed ogres
  2 alligators (Swamp:1)
  6 death yaks (Lair:6)
  2 tengu warriors
  A deep elf knight (D:11)
  2 spriggans (Swamp:1)
  4 centaur warriors
  Nergalle (D:11)
  An iron troll (D:11)
  A goliath frog (Swamp:1)
  An unseen horror (D:12)
  3 wizards
  2 wolf spider zombies (D:12)
  A lindwurm (Lair:4)
  7 deep elf magi
  4 cyclopes
  A necromancer (D:12)
  A toenail golem (Volcano)
  An orc sorcerer (D:12)
  3 manticores
  A moth of wrath (shapeshifter) (D:11)
  A salamander (shapeshifter) (D:12)
  A worldbinder (Gauntlet)
  A black mamba (shapeshifter) (D:9)
  4 will-o'-wisps (Swamp:1)
  Joseph (D:8)
  7 black mambas
  2 torpor snails
  A molten gargoyle (Volcano)
  A gargoyle (D:9)
  12 cane toads
  A smoke demon (Gauntlet)
  11 rime drakes
  8 komodo dragons
  3 efreet
  The ghost of Vire the Magician, a novice AvWz of Vehumet (D:5)
  A tengu conjurer (D:11)
  An ice devil (Gauntlet)
  A troll (shapeshifter) (D:11)
  2 harpy zombies (D:12)
  A queen bee (D:10)
  A polar bear (Lair:4)
  A wolf spider simulacrum (D:12)
  4 trolls
  12 slime creatures
  4 hornets
  8 tyrant leeches
  17 blink frogs
  A raiju (D:10)
  Prince Ribbit (D:8)
  4 harpy skeletons
  A bog body (Swamp:1)
  2 meliai zombies (D:10)
  7 hippogriffs
  Sigmund (D:3)
  Grum (D:8)
  A water elemental (D:12)
  5 wyverns
  2 shadows
  3 wraiths (Lair:6)
  35 yaks
  6 fire elementals (Volcano)
  3 hungry ghosts
  9 steam dragons (Lair:6)
  2 basilisks
  7 swamp worms
  A naga (D:9)
  14 crocodiles
  2 spatial vortices
  Duvessa (D:5)
  An acid dragon (D:8)
  4 water moccasins
  8 porcupines
  2 black bears
  14 orc warriors
  A swamp drake (Swamp:1)
  2 ice beasts
  A cane toad skeleton (D:10)
  3 sky beasts
  6 ogres
  A necrophage (D:7)
  2 phantoms (D:4)
  2 boggarts (Gauntlet)
  6 wolves
  A bullfrog (shapeshifter) (Lair:5)
  9 bullfrogs
  4 kobold brigands
  2 gnoll sergeants (D:5)
  Dowan (D:5)
  4 centaurs
  A wyvern skeleton (D:9)
  8 scorpions
  23 killer bees
  5 wights (D:8)
  6 orc priests (D:8)
  2 electric eels (D:12)
  4 howler monkeys
  7 crimson imps
  4 jellies
  A quasit (D:4)
  5 hounds
  Crazy Yiuf (D:5)
  2 bullfrog skeletons
  A gnoll shaman (D:5)
  2 iguanas
  17 orc wizards
  8 worker ants
  3 hound skeletons
  2 worker ant zombies
  8 gnolls
  15 adders
  2 shadow imps
  An ooze (D:2)
  2 adder skeletons
  2 adder zombies
  6 worms
  A dart slug (D:2)
  3 leopard geckos
  63 orcs
  A giant cockroach (D:3)
  8 goblins
  8 hobgoblins
  7 jackals
  2 quokkas
  4 bats
  5 frilled lizards
  A jackal skeleton (D:4)
  20 kobolds
  5 rats
  A bush (Lair:6)
  2 fungi (D:5)
635 creatures vanquished.

Vanquished Creatures (collateral kills)
  A yak (D:12)
  An orc warrior (Bailey)
  6 orcs
8 creatures vanquished.

Vanquished Creatures (others)
  An orc sorcerer (D:12)
  A wraith (D:9)
  A water moccasin (D:8)
  A soldier ant (D:12)
  An orc warrior (Bailey)
  A kobold brigand (D:12)
  A white imp (Gauntlet)
  A goblin (D:12)
  2 kobolds (D:12)
  10 fungi
  16 plants
36 creatures vanquished.

Grand Total: 679 creatures vanquished

Notes
Turn   | Place    | Note
-------+----------+-------------------------------------------
     0 | D:1      | TheWayOfAllFlesh the Gargoyle Gladiator began the quest for
                  | the Orb.
     0 | D:1      | Reached XP level 1. HP: 14/14 MP: 1/1
   160 | D:1      | Reached XP level 2. HP: 19/19 MP: 2/2
   632 | D:1      | Reached XP level 3. HP: 21/24 MP: 3/3
   682 | D:2      | Found a corrupted altar of Lugonu.
   697 | D:2      | Noticed an ogre
   713 | D:2      | Killed an ogre
   714 | D:2      | Reached skill level 4 in Maces & Flails
   714 | D:2      | Reached XP level 4. HP: 30/30 MP: 4/4
   714 | D:2      | Reached XP level 5. HP: 34/34 MP: 5/5
   814 | D:2      | Reached skill level 5 in Maces & Flails
  1125 | D:2      | Got a steaming granite ring
  1255 | D:2      | Found a glowing golden altar of the Shining One.
  1359 | D:2      | Reached skill level 1 in Armour
  1479 | D:2      | Identified the ring "Kimutex" {Ice +Fly} (You found it on
                  | level 2 of the Dungeon)
  1582 | D:3      | Reached XP level 6. HP: 33/40 MP: 6/6
  1721 | D:3      | Noticed Sigmund
  1905 | D:3      | Reached skill level 5 in Fighting
  1947 | D:3      | Killed Sigmund
  1948 | D:3      | Reached skill level 6 in Maces & Flails
  1948 | D:3      | Reached XP level 7. HP: 44/44 MP: 7/7
  2278 | D:4      | Found a white marble altar of Elyvilon.
  2401 | D:4      | Reached skill level 7 in Maces & Flails
  2496 | D:4      | Found a sacrificial altar of Ru.
  2525 | D:4      | Reached skill level 1 in Shields
  2525 | D:4      | Reached XP level 8. HP: 51/51 MP: 8/8
  2580 | D:4      | Found Qoenwoich's Distillery.
  2588 | D:4      | Bought a potion of invisibility for 80 gold pieces
  2588 | D:4      | Bought a potion of heal wounds for 50 gold pieces
  2588 | D:4      | Bought a potion of might for 40 gold pieces
  2588 | D:4      | Bought a potion of curing for 25 gold pieces
  2588 | D:4      | Bought a potion of heal wounds for 50 gold pieces
  2588 | D:4      | Bought a potion of ambrosia for 40 gold pieces
  3294 | D:5      | Entered Level 5 of the Dungeon
  3332 | D:5      | Noticed Duvessa
  3357 | D:5      | Noticed Dowan
  3392 | D:5      | Killed Duvessa
  3393 | D:5      | Reached skill level 8 in Maces & Flails
  3397 | D:5      | Killed Dowan
  3459 | D:5      | Found a staircase to the Ecumenical Temple.
  3507 | Temple   | Entered the Ecumenical Temple
  3640 | Temple   | Became a worshipper of Xom the Fickle
  3663 | D:5      | XOM: silly message
  3765 | D:5      | XOM: harmless Tmut miscast
  3796 | D:5      | Found a transporter.
  3799 | D:5      | Identified the +5 ring mail of Objectivity {rElec rC+ SInv}
  3861 | D:5      | XOM: harmless Hex miscast
  3923 | D:5      | Reached XP level 9. HP: 56/57 MP: 9/9
  3986 | D:5      | Found a transporter.
  3999 | D:5      | Noticed Vire's ghost (novice AvWz)
  4074 | D:5      | Found a runed door.
  4078 | D:5      | Noticed Crazy Yiuf
  4086 | D:5      | Killed Crazy Yiuf
  4302 | D:6      | Noticed a hornet
  4334 | D:6      | Reached skill level 9 in Maces & Flails
  4335 | D:6      | XOM: potion effect (berserk rage)
  4338 | D:6      | Killed a hornet
  4454 | D:6      | XOM: cleaving
  4467 | D:6      | XOM: 2-stop teleportation journey
  4553 | D:6      | XOM: divination: magic mapping
  4565 | D:6      | XOM: potion effect (invisibility)
  4587 | D:6      | XOM: divination: detect creatures
  4622 | D:6      | Found Resom's Gadget Emporium.
  4659 | D:6      | Reached skill level 5 in Shields
  4839 | D:6      | Found a snail-covered altar of Cheibriados.
  4839 | D:6      | Found an iron altar of Okawaru.
  4848 | D:6      | Found a radiant altar of Vehumet.
  4850 | D:6      | Found a bloodstained altar of Trog.
  4852 | D:6      | Found a shimmering blue altar of Sif Muna.
  4852 | D:6      | XOM is BORED!
  4852 | D:6      | XOM: mild Pois miscast
  4889 | D:6      | Found a sparkling altar of Nemelex Xobeh.
  4911 | D:6      | Found a transporter.
  4911 | D:6      | Noticed a queen bee
  4915 | D:6      | Noticed Lexodia's ghost (novice DsMA)
  4916 | D:6      | Found a transporter.
  4997 | D:6      | XOM: give mutation
  4997 | D:6      | Gained mutation: You passively map a small area around you.
                  | [Xom's mischief]
  5095 | D:6      | Found a sparkling altar of Nemelex Xobeh.
  5133 | D:5      | XOM: medium Fire miscast
  5175 | D:5      | XOM: confuse monster(s)
  5185 | D:5      | XOM: chaos upgrade
  5189 | D:5      | Killed Vire's ghost
  5190 | D:5      | Reached skill level 10 in Maces & Flails
  5192 | D:5      | XOM: chaos upgrade
  5246 | D:5      | Got a transparent pewter ring
  5348 | D:7      | Found Xasmeaci's Weapon Shop.
  5373 | D:7      | Reached XP level 10. HP: 64/64 MP: 10/10
  5410 | D:7      | Identified the ring "Wausifu" {rCorr Int+2} (You found it
                  | on level 5 of the Dungeon)
  5427 | D:7      | Found a shadowy altar of Dithmenos.
  5607 | D:7      | Found Usofreha's Book Emporium.
  5642 | D:7      | Found Carat's Gadget Emporium.
  5721 | D:7      | XOM: 1-stop teleportation journey
  5747 | D:7      | Found Plog's Food Shop.
  5896 | D:7      | XOM: mild Tloc miscast
  5914 | D:7      | Found Fuadil's Antique Armour Boutique.
  6229 | D:8      | Noticed Erica
  6244 | D:8      | XOM: enchant monster (bad)
  6246 | D:8      | Killed Erica
  6247 | D:8      | Reached skill level 11 in Maces & Flails
  6247 | D:8      | Reached skill level 5 in Armour
  6353 | D:8      | XOM: summons 2 friendly demons
  6455 | D:8      | XOM: divination: detect items
  6533 | D:8      | Noticed Joseph
  6535 | D:8      | XOM: enchant monster (good)
  6547 | D:8      | XOM: divination: detect creatures
  6549 | D:8      | Killed Joseph
  6558 | D:8      | Noticed Grum
  6569 | D:8      | XOM: silly message
  6570 | D:8      | XOM: confuse monster(s)
  6577 | D:8      | XOM: noise
  6582 | D:8      | XOM: summons friendly quasit
  6585 | D:8      | Killed Grum
  6638 | D:8      | XOM: medium Hex miscast
  6646 | D:8      | XOM: potion effect (brilliance)
  6796 | D:8      | XOM: potion effect (brilliance)
  6815 | D:8      | Reached XP level 11. HP: 71/71 MP: 11/11
  6843 | D:8      | Noticed Prince Ribbit
  6844 | D:8      | XOM: fake destruction
  6853 | D:8      | Killed Prince Ribbit
  6967 | D:8      | XOM: polymorph orc -> frilled lizard
  7202 | D:8      | XOM: enchant monster (good)
  7215 | D:8      | Found a staircase to the Orcish Mines.
  7272 | D:8      | XOM: 2-stop teleportation journey
  7299 | D:8      | XOM: mild Pois miscast
  7350 | D:8      | XOM: silly message
  7359 | D:8      | XOM: god gift: small steel ring {god gift}
  7464 | D:8      | Found a blossoming altar of Fedhas.
  7498 | D:9      | Found a glowing silver altar of Zin.
  7498 | D:9      | Found a glowing golden altar of the Shining One.
  7526 | D:9      | Found a stormy altar of Qazlal.
  7542 | D:9      | Noticed an ogre mage
  7542 | D:9      | Noticed a centaur warrior
  7612 | D:9      | XOM: medium Conj miscast
  7616 | D:9      | Noticed a seven-headed hydra
  7645 | D:9      | XOM: cleaving
  7649 | D:9      | Killed a seven-headed hydra
  7723 | D:9      | Found an opulent altar of Gozag.
  7732 | D:9      | XOM: divine lightning
  7733 | D:9      | Reached skill level 12 in Maces & Flails
  7835 | D:9      | Noticed a centaur warrior
  7836 | D:9      | Killed a centaur warrior
  7847 | D:8      | XOM: divine lightning
  7852 | D:8      | XOM: give mutations
  7852 | D:8      | Gained mutation: You have a pair of small horns on your
                  | head. [Xom's grace]
  7852 | D:8      | Gained mutation: Your movements are slightly less
                  | encumbered by armour. (ER -2) [Xom's grace]
  7852 | D:8      | Gained mutation: You expend magic power (3 MP) to
                  | strengthen your wands. [Xom's grace]
  7852 | D:8      | Gained mutation: Your mind is acute. (Int +2) [Xom's grace]
  7935 | D:9      | Killed a centaur warrior
  7936 | D:9      | Reached skill level 10 in Fighting
  8018 | D:9      | Noticed a two-headed ogre
  8031 | D:9      | Killed a two-headed ogre
  8033 | D:9      | Noticed a cyclops
  8054 | D:9      | XOM: scenery: 1 doors close
  8120 | D:9      | Killed a cyclops
  8280 | D:9      | Noticed an eight-headed hydra
  8292 | D:9      | Killed an eight-headed hydra
  8484 | D:9      | Noticed an unseen horror
  8487 | D:9      | XOM: fog
  8491 | D:9      | an unseen horror changed into a naga
  8491 | D:9      | XOM: polymorph unseen horror -> naga
  8510 | D:9      | XOM: confuse monster(s)
  8518 | D:9      | Killed an ogre mage
  8519 | D:9      | Reached skill level 13 in Maces & Flails
  8519 | D:9      | Reached skill level 10 in Shields
  8519 | D:9      | Reached XP level 12. HP: 75/79 MP: 12/12
  8589 | D:9      | XOM: give mutation
  8589 | D:9      | Gained mutation: Your mind is very acute. (Int +4) [Xom's
                  | grace]
  8736 | D:10     | Entered Level 10 of the Dungeon
  8743 | D:10     | XOM: divination: magic mapping
  8748 | D:10     | XOM: summons friendly shadow imp
  8871 | D:10     | Found Lawkaog's Assorted Antiques.
  8934 | D:7      | Bought an ancient plate armour for 644 gold pieces
  8944 | D:7      | Identified the +8 plate armour of Ynny {+Fly rF+ rN+ MP+9}
                  | (You bought it in a shop on level 7 of the Dungeon)
  9173 | D:9      | XOM: cast spell 'Summon Scorpions'
  9362 | D:10     | XOM: stat loss: -1 Int (15/16)
  9382 | D:10     | Noticed a seven-headed hydra
  9393 | D:10     | Killed a seven-headed hydra
  9558 | D:10     | XOM: 9-stop teleportation journey
  9619 | D:10     | XOM: fake destruction
  9642 | D:10     | XOM: polymorph killer bee -> raiju
  9662 | D:10     | XOM: confusion
  9934 | D:10     | XOM: harmless Necr miscast
 10228 | D:10     | Reached skill level 14 in Maces & Flails
 10412 | D:11     | XOM: 5-stop teleportation journey
 10488 | D:8      | XOM: harmless Erth miscast
 10557 | D:8      | XOM: confusion (+ monsters)
 10643 | D:8      | Found a staircase to the Lair.
 10764 | Lair:1   | Entered Level 1 of the Lair of Beasts
 10835 | Lair:1   | XOM: medium Tmut miscast
 10844 | Lair:1   | Found a dark tunnel.
 10853 | Volcano  | Entered a volcano
 10904 | Volcano  | XOM: summons 10 friendly demons
 11224 | Lair:1   | Reached XP level 13. HP: 85/85 MP: 13/13
 11327 | Lair:1   | XOM: swap monsters
 11344 | Lair:1   | XOM: noise
 11440 | Lair:1   | XOM: scenery: create altars
 11447 | Lair:1   | XOM: fog
 11450 | Lair:1   | Reached skill level 10 in Armour
 11453 | Lair:1   | XOM: medium Fire miscast
 11498 | Lair:1   | XOM: medium Conj miscast
 11506 | Lair:1   | XOM: swap monsters
 11943 | Lair:2   | XOM: harmless Fire miscast
 11961 | Lair:2   | XOM: 4-stop teleportation journey
 12092 | Lair:2   | Reached skill level 15 in Maces & Flails
 12493 | Lair:2   | XOM: potion effect (might)
 12499 | Lair:2   | XOM: harmless Pois miscast
 12503 | Lair:2   | XOM: mild Tloc miscast
 12642 | Lair:2   | Found a staircase to the Swamp.
 13114 | Lair:3   | XOM: polymorph cane toad -> crocodile
 13125 | Lair:3   | Found a staircase to the Shoals.
 13127 | Lair:3   | XOM: mild Fire miscast
 13136 | Lair:3   | XOM: 3-stop teleportation journey
 13155 | Lair:3   | XOM: polymorph porcupine -> scorpion
 13217 | Lair:3   | Got a translucent flail
 13227 | Lair:3   | Identified the +7 flail "Worm" {crush, Int+3} (You found it
                  | on level 3 of the Lair of Beasts)
 13299 | Lair:3   | XOM is BORED!
 13299 | Lair:3   | XOM: give mutations
 13299 | Lair:3   | Gained mutation: You have sharp fingernails. [Xom's
                  | mischief]
 13299 | Lair:3   | Gained mutation: You occasionally shout uncontrollably at
                  | your foes. [Xom's mischief]
 13974 | Lair:4   | XOM: 5-stop teleportation journey
 13995 | Lair:4   | XOM: enchant monster (good)
 14031 | Lair:4   | XOM: fog
 14130 | Lair:4   | XOM: cleaving
 14133 | Lair:4   | XOM: noise
 14254 | Lair:4   | XOM: blink monster(s)
 14270 | Lair:4   | Noticed an ettin
 14270 | Lair:4   | a tyrant leech changed into an ettin
 14270 | Lair:4   | XOM: polymorph tyrant leech -> ettin
 14279 | Lair:4   | XOM: summons 2 friendly demons
 14290 | Lair:4   | XOM: scenery: create altars
 14473 | Lair:4   | XOM: cloud trail
 14513 | Lair:4   | Gained mutation: Your large and strong wings let you fly
                  | indefinitely. [Gargoyle growth]
 14513 | Lair:4   | Reached XP level 14. HP: 94/94 MP: 14/14
 14517 | Lair:4   | XOM: summons 4 hostile shadow creatures
 14523 | Lair:4   | XOM: destruction
 14722 | Lair:4   | XOM: divination: magic mapping
 15455 | Lair:5   | XOM: give mutations
 15455 | Lair:5   | Gained mutation: You have very sharp teeth. [Xom's grace]
 15455 | Lair:5   | Gained mutation: You have a pair of horns on your head.
                  | [Xom's grace]
 15455 | Lair:5   | Gained mutation: Your flesh is cold resistant. (rC+) [Xom's
                  | grace]
 15676 | Lair:5   | XOM: summons 10 friendly demons
 15858 | Lair:5   | XOM: polymorph blink frog -> centaur
 15864 | Lair:5   | XOM: confuse monster(s)
 16063 | Lair:6   | Entered Level 6 of the Lair of Beasts
 16074 | Lair:6   | XOM: snakes to sticks
 16097 | Lair:6   | XOM: noise
 16102 | Lair:6   | XOM: confuse monster(s)
 16197 | Lair:6   | Reached skill level 16 in Maces & Flails
 16305 | Lair:6   | XOM: harmless Summ miscast
 16339 | Lair:6   | XOM: blink monster(s)
 16357 | Lair:6   | XOM: enchant monster (bad)
 16428 | Lair:6   | XOM: noise
 16442 | Lair:6   | XOM: summons friendly ufetubus
 16455 | Lair:6   | XOM: scenery: create altars
 16551 | Lair:6   | XOM: 2-stop teleportation journey
 16563 | Lair:6   | XOM: destruction
 16632 | Lair:6   | XOM: divination: detect creatures
 16670 | Lair:6   | Noticed Josephine
 16672 | Lair:6   | XOM: enchant monster (good)
 16682 | Lair:6   | XOM: summons friendly quasit
 16684 | Lair:6   | Killed Josephine
 16688 | Lair:6   | Found a staircase to the Spriggan Forest.
 16696 | Lair:6   | Reached XP level 15. HP: 96/100 MP: 15/15
 17072 | Lair:6   | XOM: give mutation
 17072 | Lair:6   | Gained mutation: You sometimes yell uncontrollably at your
                  | foes. [Xom's mischief]
 17091 | Lair:6   | XOM: harmless Tmut miscast
 17490 | D:9      | XOM: mild Tmut miscast
 17515 | D:10     | Bought a potion of resistance for 290 gold pieces
 17515 | D:10     | Bought a potion of heal wounds for 145 gold pieces
 17515 | D:10     | Bought a potion of haste for 290 gold pieces
 17515 | D:10     | Bought a scroll of fear for 145 gold pieces
 17515 | D:10     | Bought a scroll of fog for 58 gold pieces
 17575 | D:11     | Noticed Nergalle
 17588 | D:11     | Killed Nergalle
 17717 | D:11     | XOM: enchant monster (bad)
 17785 | D:11     | Identified Ts'ui Pên's Tome of Forking Paths
 17792 | D:11     | Identified the Handbook of Sand
 17973 | D:11     | XOM: mild Hex miscast
 18066 | D:11     | XOM: silly message
 18067 | D:11     | XOM: swap monsters
 18087 | D:11     | XOM: potion effect (heal wounds)
 18100 | D:11     | Found a gate to the Vaults.
 18377 | D:11     | XOM: mild Tloc miscast
 18398 | D:11     | XOM: harmless Tloc miscast
 18408 | D:11     | Identified the Grimoire of Plaster Cramp
 18482 | D:12     | Entered Level 12 of the Dungeon
 18483 | D:12     | Found Zurez's Gadget Shop.
 18506 | D:12     | Found a gate leading to a gauntlet.
 18515 | Gauntlet | Entered a Gauntlet
 18515 | Gauntlet | Found a transporter.
 18523 | Gauntlet | Found a transporter.
 18525 | Gauntlet | Found a transporter.
 18532 | Gauntlet | Found a transporter.
 18554 | Gauntlet | Found a transporter.
 18565 | Gauntlet | Found a transporter.
 18587 | Gauntlet | Found a transporter.
 18592 | Gauntlet | Found a transporter.
 18644 | Gauntlet | XOM: god gift: pair of embroidered gloves {god gift}
 18655 | Gauntlet | Found a transporter.
 18655 | Gauntlet | Found a transporter.
 18753 | Gauntlet | Found a transporter.
 18766 | Gauntlet | XOM: butterfly on damage
 18779 | Gauntlet | Got a bone hand axe
 18840 | Gauntlet | Found a transporter.
 18866 | Gauntlet | XOM: give mutations
 18866 | Gauntlet | Lost mutation: Your mind is very acute. (Int +4) [Xom's
                  | mischief]
 18866 | Gauntlet | Lost mutation: You sometimes yell uncontrollably at your
                  | foes. [Xom's mischief]
 18866 | Gauntlet | Lost mutation: Your mind is acute. (Int +2) [Xom's
                  | mischief]
 18866 | Gauntlet | Lost mutation: Your movements are slightly less encumbered
                  | by armour. (ER -2) [Xom's mischief]
 18872 | Gauntlet | Got a shimmering plate armour
 18915 | D:12     | Identified the +2 plate armour of Glamorous the Good
                  | {Regen+ rCorr} (You found it in a Gauntlet)
 18939 | D:12     | Paralysed by a wizard for 3 turns
 18946 | D:12     | XOM: enchant monster (good)
 18982 | D:12     | Found a flagged portal.
 18998 | D:12     | XOM: summons friendly ufetubus
 19000 | D:12     | XOM: harmless Summ miscast
 19017 | Bailey   | Entered a bailey
 19026 | Bailey   | XOM: confuse monster(s)
 19257 | Bailey   | XOM: 8-stop teleportation journey
 19315 | D:12     | XOM: polymorph centaur warrior -> salamander
 19317 | D:12     | XOM: summons 4 friendly demons
 19336 | D:12     | XOM: confusion (+ monsters)
 19345 | D:12     | Reached skill level 5 in Dodging
 19634 | D:12     | XOM: enchant monster (good)
 19691 | D:12     | XOM: fog
 19724 | D:12     | XOM: god gift: scroll of enchant armour
 19818 | D:12     | Found a staircase to the Depths.
 20014 | D:12     | XOM: scenery: create altars
 20231 | D:8      | XOM: cloud trail
 20349 | Swamp:1  | Entered Level 1 of the Swamp
 20363 | Swamp:1  | Reached skill level 15 in Fighting
 20466 | Swamp:1  | XOM: confuse monster(s)
 20471 | Swamp:1  | XOM: summons 14 friendly demons
 20495 | Swamp:1  | XOM: fake destruction
 20506 | Swamp:1  | XOM: cleaving
 20624 | Swamp:1  | Reached XP level 16. HP: 106/108 MP: 16/16
 20637 | Swamp:1  | Noticed a thorn hunter
 20637 | Swamp:1  | XOM: summons friendly quasit
 20656 | Swamp:1  | Killed a thorn hunter
 20767 | Swamp:1  | XOM: scenery: create altars
 20769 | Swamp:1  | XOM: potion effect (magic)
 20773 | Swamp:1  | XOM: destruction
 20783 | Swamp:1  | XOM: enchant monster (good)
 20800 | Swamp:1  | Slain by a spriggan rider

Skill      XL: |  1  2  3  4  5  6  7  8  9 10 11 12 13 14 15 |
---------------+----------------------------------------------+-----
Fighting       | 4 5 7 8 9 10 11 13 14 15 | 15.2
Maces & Flails | 4 5 6 7 8 10 11 13 14 15 16 | 16.3
Armour         | 1 2 3 4 6 8 9 11 12 13 | 13.8
Shields        | 1 3 5 8 10 11 12 13 14 | 14.9
Dodging        | 3 5 |  5.8
Throwing       | |  1.7

Action                   |  1- 3 |  4- 6 |  7- 9 | 10-12 | 13-15 | 16-18 || total
-------------------------+-------+-------+-------+-------+-------+-------++-------
Melee: Flail             |   102 |   176 |   428 |   947 |  1056 |    72 ||  2781
       Headbutt          |       |       |       |   113 |   181 |    12 ||   306
       Bite              |       |       |       |       |    61 |    13 ||    74
       Unarmed           |       |       |       |       |    12 |       ||    12
Throw: Throwing net      |     1 |     3 |     2 |     5 |       |       ||    11
 Abil: Fly               |       |       |       |       |     1 |       ||     1
Evoke: Wand              |       |       |     2 |     2 |    11 |     1 ||    16
  Use: Scroll            |       |     6 |     4 |    10 |     8 |       ||    28
       Potion            |       |       |     1 |     2 |     5 |       ||     8
 Stab: Invisible         |       |       |     3 |       |     3 |       ||     6
       Confused          |       |       |     1 |       |    10 |       ||    11
       Paralysed         |       |       |       |     5 |       |       ||     5
       Distracted        |       |       |       |     1 |       |       ||     1
       Petrified         |       |       |       |       |     6 |       ||     6
  Eat: Chunk             |     3 |     8 |    27 |    42 |    48 |     2 ||   130
       Ration            |       |       |       |     1 |     1 |       ||     2
Armor: Ring mail         |    54 |    50 |     3 |   203 |       |       ||   310
       Scale mail        |       |    54 |   218 |       |       |       ||   272
       Plate armour      |       |       |       |   291 |   659 |    67 ||  1017
       Skin              |       |       |       |       |     8 |       ||     8
Dodge: Dodged            |    87 |    97 |   187 |   196 |   206 |    14 ||   787
Block: Buckler           |       |       |    59 |     4 |       |       ||    63
       Medium shield     |       |       |       |   609 |   741 |    60 ||  1410
